 Dungeon Crawl Stone Soup version 0.30.1-3-gfc49f6343a (webtiles) character file.

Game seed: 12117958982894944983

170415 croobank the Summoner (level 17, -3/119 HPs)
             Began as an Octopode Delver on Aug 6, 2023.
             Was an Initiate of Gozag.
             Slain by a +1 bardiche of holy wrath (25 damage)
             ... on level 2 of the Elven Halls on Aug 7, 2023.
             The game lasted 02:40:16 (33144 turns).

croobank the Summoner (Octopode Delver)            Turns: 33144, Time: 02:40:17

Health: -3/119     AC:  7    Str: 19    XL:     17   Next: 99%
Magic:  5/42       EV: 24    Int: 25    God:    Gozag
Gold:   5083       SH: 10    Dex: 25    Spells: 6/40 levels left

rFire   + . .        o - staff of fire "Pyibep" {rElec rPois rF+ rN+}
rCold   + . .        Z - +3 buckler
rNeg    + . .        d - +2 hat
rPois   +            e - amulet "Depp" {RegenMP rPois Slay+5}
rElec   +            x - +6 ring of dexterity
rCorr   .            r - ring "Pyiguel" {Will++ AC+4}
SInv    +            E - ring of magical power
Will    +++..        H - +6 ring of strength
Stlth   +++++++      K - ring of see invisible
HPRegen 0.39/turn    N - +6 ring of dexterity
MPRegen 0.68/turn    W - +6 ring of intelligence
                     U - ring of protection from cold

%: no passive effects
@: gold aura
A: almost no armour, amphibious, 8 rings, camouflage 1, gelatinous body 1,
(nimble swimmer 1), tentacles
a: Renounce Religion, Potion Petition, Call Merchant, Bribe Branch


You were on level 2 of the Elven Halls.
You worshipped Gozag.
Gozag was greatly pleased with you.
You visited 5 branches of the dungeon, and saw 25 of its levels.

You collected 9766 gold pieces.
You spent 967 gold pieces at shops.
You paid 3716 gold pieces to Gozag.

Inventory:

Hand Weapons
 a - a +4 short sword of draining
 m - a +2 dagger of speed
 T - the +1 war axe of Hepliaklqana's Wrath {venom, Dex+5 Stlth-}
   (You found it on level 15 of the Dungeon)

   Dex:       It affects your dexterity (+5).
   Stlth:     It makes you less stealthy.
Missiles
 M - 3 silver javelins
 O - 4 curare-tipped darts
 S - 4 silver boomerangs
Armour
 d - a +2 hat (worn)
 Z - a +3 buckler (worn)
Magical Staves
 o - the staff of fire "Pyibep" (weapon) {rElec rPois rF+ rN+}
   (You acquired it on level 3 of the Dungeon)

   [staff of fire]

   Base accuracy: +5 Base damage: 5 Base attack delay: 1.2 This weapon's minimum
   attack delay (0.6) is reached at skill level 12.
   rF:        It protects you from fire.
   rElec:     It insulates you from electricity.
   rPois:     It protects you from poison.
   rN:        It protects you from negative energy.
   It falls into the 'Staves' category.
   It is a one-tentacled weapon.
 V - a staff of conjuration
Jewellery
 e - the amulet "Depp" (around mantle) {RegenMP rPois Slay+5}
   (You found it on level 4 of the Dungeon)

   [amulet of magic regeneration]

   It increases your rate of magic regeneration.
   Slay:      It affects your accuracy & damage with ranged weapons and melee
   (+5).
   rPois:     It protects you from poison.
 r - the ring "Pyiguel" (right tentacle) {Will++ AC+4}
   (You acquired it on level 3 of the Dungeon)

   [ring of protection]

   AC:        It affects your AC (+4).
   Will:      It greatly increases your willpower.
 t - a ring of protection from cold
 x - a +6 ring of dexterity (left tentacle)
 y - a ring of protection from cold
 E - a ring of magical power (on tentacle)
 G - the ring "Hesaru" {rF+ rCorr Str+4 Stlth-}
   (You bought it in a shop on level 9 of the Dungeon)

   [ring of protection from fire]

   Str:       It affects your strength (+4).
   rF:        It protects you from fire.
   rCorr:     It protects you from acid and corrosion.
   Stlth:     It makes you less stealthy.
 H - a +6 ring of strength (on tentacle)
 I - a ring of flight
 K - a ring of see invisible (on tentacle)
 N - a +6 ring of dexterity (on tentacle)
 U - a ring of protection from cold (on tentacle)
 W - a +6 ring of intelligence (on tentacle)
Wands
 f - a wand of digging (7)
 w - a wand of flame (11)
 C - a wand of quicksilver (1)
 P - a wand of iceblast (14)
Scrolls
 b - a scroll of blinking
 g - 3 scrolls of fear
 h - a scroll of vulnerability
 j - 15 scrolls of teleportation
 n - 7 scrolls of immolation
 s - 4 scrolls of poison
 u - 5 scrolls of identify
 A - 2 scrolls of magic mapping
 D - 5 scrolls of fog
 F - 2 scrolls of silence
 J - a scroll of amnesia
 L - a scroll of enchant armour
Potions
 c - 4 potions of brilliance
 i - 9 potions of flight
 k - 2 potions of cancellation
 l - 4 potions of mutation
 p - 8 potions of curing
 q - 2 potions of lignification
 v - 5 potions of ambrosia
 z - 2 potions of berserk rage
 Q - a potion of might
 R - 3 potions of resistance {unknown}
 X - 2 potions of attraction {unknown}
 Y - 2 potions of magic {unknown}


   Skills:
 + Level 12.1 Fighting
 + Level 12.0 Short Blades
 + Level 12.0 Dodging
 - Level 11.7 Stealth
 - Level 8.0 Shields
 + Level 12.2 Spellcasting
 - Level 7.0 Hexes
 + Level 12.5 Summonings
 + Level 6.7 Translocations
 - Level 5.8 Ice Magic
 - Level 7.0 Air Magic
 + Level 7.7 Evocations


You had 6 spell levels left.
You knew the following spells:

 Your Spells              Type           Power      Damage    Failure   Level
a - Airstrike             Air            25%        2d(4-20)  2%          4
c - Summon Ice Beast      Ice/Summ       57%        N/A       1%          4
e - Summon Lightning Spi  Summ/Air       59%        N/A       1%          4
f - Summon Mana Viper     Hex/Summ       59%        N/A       2%          5
g - Summon Cactus Giant   Summ           33%        N/A       4%          6
h - Summon Forest         Summ/Tloc      29%        N/A       2%          5
r - Frozen Ramparts       Ice            88%        1d14      1%          3
s - Ozocubu's Armour      Ice            44%        N/A       1%          3

Your spell library contained the following spells:

 Spells                   Type           Power      Damage    Failure   Level
 Apportation              Tloc           98%        N/A       1%          1
 Freeze                   Ice            100%       1d10      1%          1
 Blink                    Tloc           98%        N/A       1%          2
 Lesser Beckoning         Tloc           98%        N/A       1%          2
 Momentum Strike          Conj/Tloc      64%        3d9       1%          2
 Static Discharge         Conj/Air       64%        2-5/arc   1%          2
 Vhi's Electric Charge    Tloc/Air       98%        N/A       1%          3
 Dazzling Flash           Conj/Hex       64%        N/A       3%          3
 Volatile Blastmotes      Fire/Tloc      96%        2d18      3%          3
 Hailstorm                Conj/Ice       29%        3d8       4%          3
 Iskenderun's Mystic Bla  Conj/Tloc      32%        2d8       12%         4
 Stone Arrow              Conj/Erth      30%        3d8       14%         3
 Arcjolt                  Conj/Air       16%        1d26      30%         5
 Alistair's Intoxication  Tmut/Pois      10%        N/A       78%         5
 Conjure Ball Lightning   Conj/Air       16%        3x3d6     86%         6
 Plasma Beam              Fire/Air       24%        2x1d40    86%         6
 Starburst                Conj/Fire      11%        6d5       100%        6
 Monstrous Menagerie      Summ           33%        N/A       22%         7
 Ozocubu's Refrigeration  Ice            22%        4d12      98%         7
 Discord                  Hex            25%        N/A       100%        8
 Disjunction              Tloc           24%        N/A       100%        8
 Lehudib's Crystal Spear  Conj/Erth      7%         10d3      100%        8
 Dragon's Call            Summ           33%        N/A       100%        9
 Animate Armour           Summ/Erth      Unusable   N/A       N/A         4

Dungeon Overview and Level Annotations

Branches:
Dungeon (15/15)            Temple (1/1) D:5            Lair (5/5) D:10
 Shoals (0/4) Lair:3       Spider (0/4) Lair:2        Slime (0/5) Lair:5
    Orc (2/2) D:11            Elf (2/3) Orc:2        Vaults (0/5) D:14
 Depths (0/4) D:15

Altars:
Ashenzari
Cheibriados
Dithmenos
Elyvilon
Fedhas
Gozag
Hepliaklqana
Kikubaaqudgha
Makhleb
Nemelex Xobeh
Okawaru
Qazlal
Ru
Sif Muna
Trog
Uskayaw
Vehumet
Wu Jian
Xom
Yredelemnul
Zin
The Shining One
Jiyva

Shops:
D:9 =([   D:11 *   Orc:2 *(=[   Elf:1 *   Elf:2 :


Innate Abilities, Weirdness & Mutations

You cannot wear most types of armour.
You are amphibious.
You can wear up to eight rings at the same time.
Your skin changes colour to match your surroundings (Stealth+).
Your rubbery body absorbs attacks. (AC +1, EV +1)
((You are camouflaged when in or above water. (Stealth+)))
You have tentacles for arms and can constrict up to eight enemies at once.


Message History

You hear a shout!
Aiming: Quicksilver Bolt
Press: ? - help, Shift-Dir - straight line, f - deep elf zephyrmancer
Aim: a deep elf zephyrmancer, wielding a +0 long sword and wearing a +0 ring mail (67% to hit)
The bolt of dispelling energy hits the deep elf zephyrmancer!!
The deep elf zephyrmancer is heavily wounded.
Space becomes stable.
Your mana viper completely misses the +1 bardiche of holy wrath.
The +1 bardiche of holy wrath misses you.
Your ice beast hits the +1 bardiche of holy wrath but does no damage.
Your mana viper bites the +1 bardiche of holy wrath but does no damage.
Something hits your cactus giant.
The +1 bardiche of holy wrath is struck by your cactus giant's spines.
The +1 bardiche of holy wrath hits your cactus giant!
Your mana viper closely misses the +1 bardiche of holy wrath.
Okay, then. [a] - 260 gold - heal wounds, curing and berserk rage [b] - 638 gold - resistance, brilliance and magic [c] - 130 gold - heal wounds Purchase which effect?
You feel much better.
Your mana viper bites the +1 bardiche of holy wrath but does no damage.
Your cactus giant barely misses the deep elf zephyrmancer.
You swap places.
Your mana viper bites the deep elf zephyrmancer!!
The deep elf zephyrmancer's magic leaks into the air.
The deep elf zephyrmancer barely misses you.
The +1 bardiche of holy wrath hits you!!!
* * * LOW HITPOINT WARNING * * *
Your ice beast hits the deep elf zephyrmancer but does no damage.
Casting: Summon Mana Viper (dangerous; 2% risk of failure)
Confirm with . or Enter, or press ? or * to list all spells.
Your cactus giant disappears in a puff of smoke!
The deep elf zephyrmancer's magic is no longer disrupted.
Your mana viper bites the deep elf zephyrmancer but does no damage.
Your mana viper barely misses the deep elf zephyrmancer.
The deep elf zephyrmancer hits you but does no damage.
The +1 bardiche of holy wrath hits you!!
You die...
Your body crumbles into a pile of gold.

# #####...#
#####' ###.###
#..... #...#
##..... ###.#
#......
♣######.##♣♣###
##>..∩..
♣...#.....#...#
#.......
♣..#.#...#.#..#
#.......
#.♣...#.#.CS#.#
#.......
##.....#..Ye@##
##......
#.#...#.#..(#§#
#......
#..#.#...#.#..#
##.....
#...#.....#...#
#.....
#..♣.#.$$#.#..#
######
#.#...#.#...#.#
#♣.....#.....##
#.#...#.#...#.#
#..#.#...#.#..#


You could see a deep elf zephyrmancer (ally target), a +1 bardiche of holy wrath
(ally target), a friendly mana viper (summoned), a friendly cactus giant
(summoned) and a friendly ice beast (summoned).

Vanquished Creatures
  Gastronok (D:8)
  Kirke (Lair:4)
  A frost giant (D:12)
  A stone giant (D:15)
  A deep elf demonologist (Elf:1)
  A deep elf annihilator (Elf:1)
  2 ettins
  A deep elf death mage (Elf:2)
  A hydra (Lair:5)
  Erolcha (D:10)
  3 centaur warriors
  3 ogre magi
  18 two-headed ogres
  6 boulder beetles
  3 dancing weapons
  A naga warrior (Orc:1)
  2 death yaks (Lair:5)
  2 tengu warriors (D:15)
  3 deep elf knights (Elf:2)
  Lodul (D:10)
  A skyshark (Lair:2)
  2 deep elf zephyrmancers (Elf:1)
  An orc knight (Orc:1)
  A wizard (Elf:1)
  4 deep elf pyromancers
  An oklob plant (D:3)
  4 manticores
  An orc sorcerer (Orc:1)
  An ugly thing (D:12)
  3 cyclopes
  2 elephants
  6 black mambas
  12 cane toads
  A torpor snail (shapeshifter) (D:13)
  A gargoyle (D:11)
  An unseen horror (D:12)
  3 rime drakes
  A torpor snail (Lair:5)
  Psyche (D:8)
  8 komodo dragons
  6 polar bears
  4 trolls
  2 hornets
  8 blink frogs
  5 dream sheep
  6 slime creatures
  An air elemental (Elf:2)
  A wraith (D:14)
  30 yaks
  7 wyverns
  Eustachio (D:6)
  2 hogs (Lair:4)
  9 vampire mosquitoes
  A basilisk (Lair:4)
  A steam dragon (D:8)
  Menkaure (D:5)
  A redback (shapeshifter) (D:14)
  11 water moccasins
  Duvessa (D:5)
  2 ice beasts
  16 orc warriors
  A sky beast (D:7)
  11 ogres
  15 wolves
  2 centaurs
  3 kobold brigands
  15 bullfrogs
  2 gnoll sergeants
  3 scorpions
  Dowan (D:5)
  11 wights
  9 killer bees (D:9)
  12 electric eels
  5 howler monkeys
  5 nameless horrors
  A jelly (D:7)
  20 orc priests
  3 hounds
  Crazy Yiuf (D:6)
  A sleepcap (D:7)
  6 iguanas
  15 orc wizards
  16 gnolls
  5 adders
  A shadow imp (D:8)
  2 white imps (D:8)
  2 worms
  3 dart slugs
  38 orcs
  8 bats
  6 endoplasms
  3 giant cockroaches
  4 hobgoblins
  8 jackals
  32 kobolds
  5 quokkas
  6 ball pythons
  3 frilled lizards
  8 goblins
  5 rats
521 creatures vanquished.

Vanquished Creatures (collateral kills)
  Saint Roka (Elf:2)
  Frances (D:14)
  Agnes (Elf:2)
  2 deep elf sorcerers (Elf:1)
  2 orc warlords
  A deep elf annihilator (Elf:1)
  Josephine (D:13)
  The ghost of Hiblur the Cleaver, a journeyman MiFi of Ru (Orc:1)
  A merfolk javelineer (Orc:1)
  3 hydras
  4 vault guards
  A rakshasa (D:12)
  A catoblepas (Lair:5)
  4 boulder beetles
  9 dancing weapons
  9 two-headed ogres
  4 centaur warriors
  A death knight (D:15)
  11 death yaks (Lair:5)
  An orc high priest (Orc:2)
  9 deep elf knights
  A skyshark (Lair:5)
  4 skeletal warriors
  A wizard (D:12)
  8 deep elf archers
  4 orc knights
  The ghost of Taurus the Covered, a novice MiFi of Okawaru (D:8)
  14 deep elf pyromancers
  22 deep elf zephyrmancers
  2 cyclopes
  14 ugly things
  4 manticores
  3 elephants
  2 orc sorcerers (Orc:2)
  2 merfolk sirens (Lair:3)
  A moth of wrath (shapeshifter) (Elf:1)
  2 gargoyles (D:12)
  2 komodo dragons
  3 cane toads
  3 kobold demonologists
  A freezing wraith (D:15)
  2 tengu conjurers (D:14)
  An efreet (D:14)
  A yaktaur (D:12)
  A nameless horror (D:12)
  2 merfolk (Lair:3)
  6 trolls
  5 dream sheep (Lair:3)
  2 blink frogs (Lair:4)
  A water elemental (Elf:1)
  4 slime creatures
  2 shadows (D:12)
  A fire elemental (Elf:2)
  10 wraiths
  2 wyverns
  2 hogs (Lair:4)
  7 basilisks
  19 yaks
  12 vampire mosquitoes
  3 acid dragons (D:12)
  A water moccasin (Lair:3)
  14 orc warriors
  4 centaurs
  3 ogres (Orc:1)
  A boggart (Elf:1)
  A bullfrog (Lair:2)
  An earth elemental (Elf:1)
  A howler monkey (D:12)
  10 orc priests
  A gnoll bouda (Orc:1)
  9 orc wizards
  2 gnolls (Orc:1)
  A shadow imp (D:8)
  20 orcs
314 creatures vanquished.

Vanquished Creatures (others)
  A tengu reaver (D:12)
  An ice dragon (D:12)
  2 deep elf knights
  A swamp drake (D:10)
  An orc (D:10)
  A snaplasher vine (Orc:2)
7 creatures vanquished.

Grand Total: 842 creatures vanquished

Notes
Turn   | Place    | Note
-------+----------+-------------------------------------------
     0 | D:5      | croobank the Octopode Delver began the quest for the Orb.
     0 | D:5      | Reached XP level 1. HP: 16/16 MP: 1/1
     7 | D:5      | Noticed an iguana
     9 | D:5      | Noticed a yak
    11 | D:5      | Noticed a yak
    12 | D:5      | Noticed a yak
    52 | D:6      | Reached XP level 2. HP: 21/21 MP: 2/2
   101 | D:7      | Noticed an orc warrior
   145 | D:5      | Found a staircase to the Ecumenical Temple.
   167 | D:5      | Reached XP level 3. HP: 26/26 MP: 3/3
   179 | D:5      | Noticed Duvessa
   192 | Temple   | Entered the Ecumenical Temple
   289 | D:5      | Noticed Dowan
   296 | D:5      | Killed Duvessa
   297 | D:5      | Reached XP level 4. HP: 33/33 MP: 4/4
   297 | D:5      | Reached XP level 5. HP: 37/37 MP: 5/5
   314 | D:5      | Noticed an ice beast
   319 | D:5      | Noticed an ogre
   400 | D:4      | Identified the amulet "Depp" {RegenMP rPois Slay+5}
   504 | D:4      | Reached XP level 6. HP: 43/43 MP: 6/6
   531 | D:4      | Found a bloodstained altar of Trog.
   823 | D:4      | Found a sacrificial altar of Ru.
  2522 | D:2      | Reached skill level 1 in Spellcasting
  2686 | D:3      | Identified 2 scrolls of acquirement
  2686 | D:3      | Acquired the staff of fire "Pyibep" {rElec rPois rF+ rN+}
  2814 | D:3      | Found a faded altar of an unknown god.
  2919 | D:3      | Found a shimmering altar of Xom.
  2929 | D:3      | Reached skill level 1 in Summonings
  2996 | D:3      | Reached XP level 7. HP: 9/48 MP: 7/9
  3202 | D:3      | Found a blossoming altar of Fedhas.
  3228 | D:3      | Noticed an oklob plant
  3288 | D:3      | Acquired the ring "Pyiguel" {Will++ AC+4}
  3545 | D:4      | Found a sparkling altar of Nemelex Xobeh.
  4038 | D:5      | Killed Dowan
  4071 | Temple   | Became a worshipper of Gozag Ym Sagoz the Greedy
  4124 | D:5      | Noticed Menkaure
  4132 | D:5      | Killed Menkaure
  4154 | D:5      | Found a burning altar of Makhleb.
  4154 | D:5      | Noticed a balrug
  4242 | D:5      | Reached XP level 8. HP: 54/54 MP: 10/12
  4315 | D:5      | Noticed a yak
  4317 | D:5      | Killed a yak
  4331 | D:5      | Killed a yak
  4341 | D:4      | Killed a yak
  4342 | D:4      | Reached skill level 5 in Fighting
  4538 | D:5      | Killed a yak
  4725 | D:5      | Found a glowing silver altar of Zin.
  4822 | D:6      | Found a snail-covered altar of Cheibriados.
  4835 | D:6      | Reached XP level 9. HP: 61/61 MP: 15/15
  4947 | D:6      | Noticed Eustachio
  4954 | D:6      | Killed Eustachio
  4970 | D:6      | Noticed a troll
  5115 | D:6      | Reached skill level 10 in Stealth
  5256 | D:6      | Found a runed translucent door.
  5257 | D:6      | Noticed Crazy Yiuf
  5603 | D:6      | Killed Crazy Yiuf
  5733 | D:7      | Reached skill level 5 in Summonings
  5740 | D:7      | Reached skill level 5 in Dodging
  5983 | D:7      | Reached skill level 5 in Short Blades
  6246 | D:7      | Reached skill level 5 in Spellcasting
  6668 | D:7      | Found a white marble altar of Elyvilon.
  6713 | D:8      | Found a transporter.
  6716 | D:8      | Noticed a kobold demonologist
  6886 | D:8      | Noticed a hornet
  6914 | D:8      | Found a transporter.
  6927 | D:8      | Reached XP level 10. HP: 68/68 MP: 18/18
  6951 | D:8      | Noticed Psyche
  6959 | D:8      | Killed Psyche
  7112 | D:8      | Noticed a kobold demonologist
  7126 | D:8      | Noticed Gastronok
  7127 | D:8      | Noticed a boulder beetle
  7130 | D:8      | Found a runed translucent gate.
  7131 | D:8      | Found a runed translucent gate.
  7142 | D:8      | Found a runed translucent gate.
  7152 | D:8      | Killed Gastronok
  7170 | D:8      | Killed a boulder beetle
  7258 | D:8      | Noticed Taurus's ghost (novice MiFi)
  7441 | D:9      | Found Lenoih's Antique Armour Boutique.
  7649 | D:9      | Found a transporter.
  7753 | D:9      | Found Ecil Ukk's Weapon Boutique.
  7760 | D:9      | Noticed a two-headed ogre
  7766 | D:9      | Killed a two-headed ogre
  7767 | D:9      | Reached XP level 11. HP: 74/74 MP: 21/21
  7848 | D:9      | Found Jiterr's Jewellery Emporium.
  7922 | D:9      | Bought a ring of see invisible for 195 gold pieces
  7937 | D:9      | Found an iron altar of Okawaru.
  7989 | D:9      | Noticed a two-headed ogre
  7994 | D:9      | Killed a two-headed ogre
  8104 | D:9      | Noticed a two-headed ogre
  8111 | D:9      | Noticed a two-headed ogre
  8139 | D:9      | Killed a two-headed ogre
  8148 | D:8      | Learned a level 5 spell: Summon Mana Viper
  8242 | D:8      | Reached skill level 1 in Hexes
  8313 | D:9      | Killed a two-headed ogre
  8403 | D:9      | Found a transporter.
  8420 | D:9      | Found a glowing golden altar of the Shining One.
  8712 | D:9      | Found a hazy altar of Hepliaklqana.
  8713 | D:9      | Found a shadowy altar of Dithmenos.
  8795 | D:10     | Entered Level 10 of the Dungeon
  8795 | D:10     | Noticed Lodul
  9088 | D:10     | Identified the amulet of Wehumoh {Acrobat Int+2}
  9095 | D:10     | Killed Lodul
  9096 | D:10     | Reached skill level 5 in Hexes
  9269 | D:10     | Noticed Erolcha
  9272 | D:10     | Killed Erolcha
  9442 | D:10     | Noticed a two-headed ogre
  9471 | D:10     | Killed a two-headed ogre
  9561 | D:10     | Found a staircase to the Lair.
  9676 | D:10     | Reached XP level 12. HP: 81/81 MP: 24/24
  9706 | D:10     | Found a stormy altar of Qazlal.
 10068 | D:10     | Noticed a two-headed ogre
 10118 | D:10     | Killed a two-headed ogre
 10642 | D:11     | Found a staircase to the Orcish Mines.
 10647 | D:11     | Noticed a two-headed ogre
 10744 | Lair:1   | Entered Level 1 of the Lair of Beasts
 11902 | Lair:1   | Reached skill level 10 in Summonings
 12409 | Lair:2   | Found a hole to the Spider Nest.
 12417 | Lair:2   | Noticed a five-headed hydra
 12443 | Lair:2   | Killed a five-headed hydra
 12444 | Lair:2   | Reached skill level 10 in Spellcasting
 12444 | Lair:2   | Reached skill level 1 in Ice Magic
 12555 | Lair:2   | Noticed a skyshark
 12569 | Lair:2   | Killed a skyshark
 12993 | Lair:2   | Learned a level 4 spell: Summon Ice Beast
 13131 | Lair:2   | Reached XP level 13. HP: 87/87 MP: 27/27
 13131 | Lair:2   | Identified the +5 dire flail "Ocahuwah" {flame, Will++}
 13336 | Lair:2   | Learned a level 3 spell: Frozen Ramparts
 13340 | Lair:2   | Learned a level 3 spell: Ozocubu's Armour
 13371 | Lair:3   | Found a staircase to the Shoals.
 14355 | Lair:3   | Learned a level 3 spell: Hailstorm
 14911 | Lair:3   | Reached skill level 5 in Ice Magic
 15584 | Lair:4   | Noticed Kirke
 15598 | Lair:4   | Killed Kirke
 16041 | Lair:5   | Entered Level 5 of the Lair of Beasts
 16350 | Lair:5   | Learned a level 4 spell: Summon Lightning Spire
 16638 | Lair:5   | Reached skill level 1 in Shields
 16638 | Lair:5   | Reached XP level 14. HP: 97/97 MP: 28/28
 16664 | Lair:5   | Reached skill level 1 in Air Magic
 17239 | Lair:5   | Found a staircase to the Slime Pits.
 17239 | Lair:5   | Found a viscous altar of Jiyva.
 18200 | Lair:5   | Identified the +11 halberd of Tender Mercy {vamp, Int+3}
 18630 | Lair:5   | Learned a level 4 spell: Airstrike
 19091 | D:11     | Found an opulent altar of Gozag.
 19095 | D:11     | Found Gozag's Platinum Reserve.
 20067 | D:12     | Reached skill level 10 in Fighting
 20080 | D:12     | Reached skill level 1 in Evocations
 20588 | D:12     | Got the Book of Apparitions
 20596 | D:12     | Learned a level 6 spell: Summon Cactus Giant
 20818 | D:12     | Reached skill level 5 in Shields
 21047 | D:12     | Reached XP level 15. HP: 103/103 MP: 23/29
 21218 | D:12     | Reached skill level 1 in Translocations
 21392 | D:12     | Reached skill level 10 in Dodging
 21393 | D:12     | Reached skill level 10 in Short Blades
 21411 | D:12     | Noticed a frost giant
 21412 | D:12     | Noticed a tengu reaver
 21444 | D:12     | Killed a frost giant
 21448 | D:12     | Killed a tengu reaver
 21452 | D:12     | HP: 5/103 [centaur warrior/arrow (28)]
 21454 | D:12     | Noticed an orc warlord
 21503 | D:12     | Killed an orc warlord
 21559 | D:12     | Got Vv's Precepts of Frostbitten Fever
 22400 | Orc:1    | Entered Level 1 of the Orcish Mines
 23162 | Orc:1    | Found a runed translucent gate.
 23162 | Orc:1    | Found a runed translucent gate.
 23162 | Orc:1    | Found a runed translucent gate.
 23164 | Orc:1    | Noticed Hiblur's ghost (journeyman MiFi)
 23167 | Orc:1    | Identified the amulet of Equilibrium {RegenMP Fly rC+ Str+4
                  | Dex-5}
 23417 | Orc:1    | Found an iron altar of Okawaru.
 23425 | Orc:1    | Learned a level 5 spell: Summon Forest
 23444 | Orc:2    | Entered Level 2 of the Orcish Mines
 23445 | Orc:2    | Found a staircase to the Elven Halls.
 23596 | Orc:2    | Noticed an orc warlord
 23623 | Orc:2    | Killed an orc warlord
 23628 | Orc:2    | Reached skill level 5 in Air Magic
 23873 | Orc:2    | Found Agah's Antique Weapon Shop.
 24009 | Orc:2    | Found Javeew's Antique Armour Shop.
 24028 | Orc:2    | Found Poep's General Store.
 24422 | Orc:2    | Found Coga's Jewellery Shop.
 25083 | D:13     | Noticed Josephine
 25092 | D:13     | Killed Josephine
 25334 | D:13     | Reached XP level 16. HP: 111/111 MP: 31/31
 25907 | D:12     | Identified the ring of Yzyosu {*Slow rPois rF+ Dex+4
                  | Slay+4}
 26399 | D:14     | Reached skill level 5 in Evocations
 27265 | D:14     | Found a gate to the Vaults.
 27617 | D:14     | Noticed Frances
 27626 | D:14     | Killed Frances
 27931 | D:15     | Entered Level 15 of the Dungeon
 28020 | D:15     | Identified the +1 war axe of Hepliaklqana's Wrath {venom,
                  | Dex+5 Stlth-}
 28470 | D:15     | Reached skill level 5 in Translocations
 28994 | D:15     | Found a staircase to the Depths.
 29358 | D:9      | Bought the ring "Hesaru" {rF+ rCorr Str+4 Stlth-} for 579
                  | gold pieces
 29712 | D:8      | Killed Taurus's ghost
 30115 | Orc:1    | Killed Hiblur's ghost
 30116 | Orc:1    | Reached XP level 17. HP: 59/117 MP: 13/32
 30297 | Orc:1    | Identified the +3 leather armour of Qazlal's Hatred {Dex+7}
 30331 | Elf:1    | Entered Level 1 of the Elven Halls
 30482 | Elf:1    | Found Ritzor's General Store.
 30490 | Elf:1    | Bought a potion of heal wounds for 65 gold pieces
 30490 | Elf:1    | Bought a wand of flame (7) for 63 gold pieces
 30490 | Elf:1    | Bought a potion of berserk rage for 65 gold pieces
 30982 | Elf:1    | Found a radiant altar of Vehumet.
 32062 | Elf:2    | Found a runed translucent gate.
 32062 | Elf:2    | Found a runed translucent gate.
 32064 | Elf:2    | Found a runed translucent gate.
 32486 | Elf:2    | Paralysed by an air elemental for 1 turns
 32710 | Elf:2    | Noticed Saint Roka
 32723 | Elf:2    | Killed Saint Roka
 32970 | Elf:2    | Found Waos's Book Shop.
 33109 | Elf:2    | Noticed Agnes
 33127 | Elf:2    | Killed Agnes
 33144 | Elf:2    | Slain by a +1 bardiche of holy wrath

Illustrated notes

Levels and vault maps discovered:
D:1:      mrwooster_arrival_statue_3, layout_basic,
          chequers_serial_rivers_large_a, chequers_serial_rivers_small_a
D:2:      minmay_wonky_spiral, layout_loops_ring, minmay_misc_feat_alley
D:3:      layout_basic, mainiacjoe_overflow_cross_hatched, tgw_fedhas,
          nicolae_ecumenical_lake_church
D:4:      layout_cave_pools, nemelex_diamond_rough_becter,
          general_overflow_altar, mainiacjoe_overflow_24_doors
D:5:      layout_rooms, zin_treasury, makhleb_altar_promises_db,
          minmay_temple_entry_stoned_glass, hangedman_abyss_or_decor_slice,
          uniq_duvessa, uniq_menkaure
D:6:      layout_loops_cross, kennysheep_slug_shrine, lightli_corner_chamber,
          uniq_eustachio, uniq_crazy_yiuf_cottage
D:7:      layout_loops_corners, kennysheep_little_box, enter_bailey_7
D:8:      gammafunk_wand_slinger, layout_cave_pools, ebering_ghost_rock_garden,
          uniq_psyche, uniq_gastronok
D:9:      layout_loops_ring, riverfiend_overflow_shadow_ancestor,
          old_standard_altar, nicolae_tso_swordbearing_angel, serial_shops,
          nicolae_shop_real_fake_doors, nicolae_shop_drivethru,
          nicolae_diamond_shop, minivault_14, hex_large,
          david_defended_altar_orc
D:10:     layout_irregular_city, nicolae_qazlal_general_emergency,
          erik_lair_dragon, uniq_lodul, uniq_erolcha
D:11:     layout_basic, orc_0_dummy, nicolae_gozag_zags_fifth_avenue
D:12:     minmay_nested_s, layout_stronghold
D:13:     layout_layer_cave, uniq_josephine
D:14:     layout_basic, lightli_vaults_fourway_checkpoint, uniq_frances
D:15:     grunt_enter_depths_snipers, layout_basic, minivault_26
Temple:   nicolae_temple_colour_theory
Lair:1:   layout_roguey, chequers_serial_rivers_room_b, lemuel_old_faithful,
          grunt_megastairs_1
Lair:2:   layout_small_grid, dummy_spider_entry
Lair:3:   layout_long_grid, elwin_shoals_entry_stream
Lair:4:   layout_cave_pods, serial_rivers, chequers_serial_rivers_marsh,
          chequers_serial_rivers_large_b, chequers_serial_rivers_micro_c,
          chequers_serial_rivers_room_a, lemuel_fruit_tree, grunt_megastairs_5,
          uniq_kirke
Lair:5:   hangedman_lair_in_review, layout_small_grid, slime_entry_1,
          st_stairs_13
Orc:1:    layout_caves, gammafunk_ghost_fury_of_okawaru
Orc:2:    grunt_orc_cross, layout_caves, basic_altar
Elf:1:    eino_elf_arrival_sip, layout_loops_ring, basic_altar, serial_shops,
          nicolae_shop_advertising_works [nicolae_subvault_shop_adworks],
          hangedman_elf_disciples, lemuel_upstairs_altar
Elf:2:    elven_hall_of_blades_hangedman_original [nicolae_blade_lattice],
          layout_geoelf_octagon, serial_shops, shop, uniq_saint_roka, uniq_agnes

Skill      XL: |  1  2  3  4  5  6  7  8  9 10 11 12 13 14 15 16 17 |
---------------+----------------------------------------------------+-----
Stealth        | 7 8 9 10 11 | 11.7
Short Blades   | 3 4 5 6 7 8 9 10 11 12 | 12.0
Dodging        | 3 4 5 6 7 9 10 11 12 | 12.0
Fighting       | 4 5 6 7 9 10 11 12 | 12.1
Spellcasting   | 1 2 4 5 6 8 10 11 12 | 12.2
Summonings     | 1 3 4 6 7 8 10 11 12 | 12.5
Hexes          | 6 7 |  7.0
Ice Magic      | 2 5 |  5.8
Shields        | 1 5 6 7 8 |  8.0
Air Magic      | 3 5 6 7 |  7.0
Evocations     | 2 4 6 7 |  7.7
Translocations | 3 5 6 |  6.7

Action                     |  1- 3 |  4- 6 |  7- 9 | 10-12 | 13-15 | 16-18 || total
---------------------------+-------+-------+-------+-------+-------+-------++-------
  Melee: Short sword       |    12 |   117 |   191 |   336 |   330 |    43 ||  1029
         Tentacles         |     4 |    13 |    52 |    99 |   136 |    82 ||   386
         Constrict         |     3 |    20 |    44 |    47 |    58 |    31 ||   203
         Punch             |       |     1 |     2 |     4 |    10 |     6 ||    23
         Staff             |       |       |       |       |    47 |    54 ||   101
         Dire flail        |       |       |       |       |     2 |       ||     2
         Dagger            |       |       |       |       |       |   145 ||   145
  Throw: Boomerang         |       |     1 |    33 |       |       |       ||    34
         Dart              |       |       |       |    53 |     1 |       ||    54
   Cast: Summon Mana Viper |       |       |       |    16 |    67 |    67 ||   150
         Summon Ice Beast  |       |       |       |     2 |    56 |    31 ||    89
         Frozen Ramparts   |       |       |       |       |    22 |       ||    22
         Ozocubu's Armour  |       |       |       |       |    19 |       ||    19
         Summon Lightning  |       |       |       |       |    57 |    40 ||    97
         Summon Cactus Gia |       |       |       |       |    34 |    61 ||    95
         Summon Forest     |       |       |       |       |     7 |    20 ||    27
 Invoke: Potion Petition   |       |       |       |     3 |     3 |     2 ||     8
  Evoke: Wand              |       |       |     8 |    24 |    18 |     3 ||    53
    Use: Scroll            |       |    10 |     8 |     5 |    11 |       ||    34
         Potion            |       |     3 |       |     5 |     8 |     6 ||    22
   Stab: Sleeping          |     3 |    35 |     8 |    24 |    24 |    21 ||   115
         Distracted        |       |       |     1 |     2 |    12 |     5 ||    20
         Invisible         |       |       |       |     2 |     2 |     3 ||     7
         Paralysed         |       |       |       |       |     1 |       ||     1
 Armour: Skin              |     1 |     5 |    24 |    58 |    56 |    15 ||   159
  Dodge: Dodged            |     8 |    48 |    75 |   199 |   323 |   114 ||   767
  Block: Buckler           |       |       |       |       |    88 |    78 ||   166
